 Dungeon Crawl Stone Soup version 0.25-a0-667-gb977e01cb5 (webtiles) character file.

Game seed: 10395841411116752462, levelgen mode: deterministic

4 sanka the Vexing (level 1, 0/9 HPs)
             Began as a Felid Wanderer on Mar 27, 2020.
             Slain by a ball python (1 damage)
             ... on level 2 of the Dungeon.
             The game lasted 00:00:35 (138 turns).

sanka the Vexing (Felid Wanderer)                    Turns: 138, Time: 00:00:36

Health: 0/9        AC:  1    Str: 11    XL:     1   Next: 58%
Magic:  2/2        EV: 12    Int: 13    God:
Gold:   0          SH:  0    Dex: 12    Spells: 0/0 levels left
                                        Lives:  0   Deaths: 0

rFire    . . .     SeeInvis +     - Unarmed
rCold    . . .     Gourm    .   (shield unavailable)
rNeg     . . .     Faith    .   (armour unavailable)
rPois    .         Spirit   .   (helmet unavailable)
rElec    .         Reflect  .   (cloak unavailable)
rCorr    .         Harm     .   (gloves unavailable)
MR       .....                  (boots unavailable)
Stlth    ++........             (no amulet)
HPRegen  0.03/turn              (no ring)
MPRegen  0.08/turn              (no ring)

@: constricted, quick
A: very small, no armour, no weapons or thrown items, stealth, claws 1, fangs 3,
see invisible, carnivore, speed 1, shaggy fur 1, slow metabolism 1, sharp paws
a: no special abilities


You were on level 2 of the Dungeon.
You were full.

You visited 1 branch of the dungeon, and saw 2 of its levels.


Innate Abilities, Weirdness & Mutations

You cannot wear armour.
You are incapable of wielding weapons or throwing items.
Your paws allow you to move quietly. (Stealth)
You have sharp claws.
You have razor-sharp teeth.
You have supernaturally acute eyesight. (SInv)
You are carnivorous and can eat meat at any time.
You cover ground quickly.
You are covered in fur. (AC +1)
You have a slow metabolism.
Your sharp claws are effective at attacking unaware monsters.


   Skills:
 - Level 2.0 Fighting
 - Level 1.3 Stealth
 + Level 1.7 Unarmed Combat
   Level 3.0 Hexes
   Level 2.6 Poison Magic
 - Level 1.1 Evocations


You couldn't memorise any spells.
You didn't know any spells.
Your spell library contained the following spells:

 Spells                   Type           Power        Failure   Level  Hunger
 Passwall                 Tmut/Erth      #.......     43%         2    ###....
 Sticks to Snakes         Tmut           #.......     43%         2    ###....

Inventory:

Scrolls
 b - a scroll of teleportation {unknown}
 d - a scroll of identify {unknown}
Miscellaneous
 a - a lamp of fire
Comestibles
 c - a ration

Dungeon Overview and Level Annotations

Branches:
Dungeon (2/15)

Altars:

▒.. ▒.▒.▒ ▒.▒.▒
▒▒▒▒▒▒▒.▒.▒
.......>▒.▒
......▒.▒.▒
......▒.▒
▒▒..S▒.▒ ▒▒
▒.▒...h▒.▒ ..
▒..[▒..▒.▒[▒
▒▒▒.▒)†....▒ ▒
........▒▒.▒.▒
▒▒▒.▒........▒.▒
▒.▒.▒.<......▒ ▒
▒<..........
▒.▒..▒.▒▒.▒▒
▒.£........


You could see a ball python.


Message History

You kill the bat!
No target in view!
No target in view!
No target in view!
d - a scroll labeled VACOSU MAIXOY A ball python comes into view.
The ball python hisses angrily.
Found a leather armour.
The ball python barely misses you. The ball python closely misses you.
You completely miss the ball python. The ball python completely misses you.
The ball python grabs you. The ball python constricts you.
You barely miss the ball python. The ball python bites you.
* * * LOW HITPOINT WARNING * * *
The ball python constricts you.
You barely miss the ball python. Your claw misses the ball python.
The ball python barely misses you.
* * * LOW HITPOINT WARNING * * *
The ball python constricts you.
You scratch the ball python but do no damage.
The ball python bites you.
* * * LOW HITPOINT WARNING * * *
* * * LOW HITPOINT WARNING * * *
The ball python constricts you. The ball python closely misses you.
You die...

Action                   || total
-------------------------++-------
Melee: Unarmed           ||    21
 Stab: Sleeping          ||     1
  Eat: Chunk             ||     2
Armor: Skin              ||     2
Dodge: Dodged            ||    17

Levels and vault maps discovered:
D:1:      ncdulo_watergridlock, layout_basic
D:2:      layout_basic, vehumet_crystals

Notes
Turn   | Place    | Note
-------+----------+-------------------------------------------
     0 | D:1      | sanka the Felid Wanderer began the quest for the Orb.
     0 | D:1      | sanka set off with the following items: a lamp of fire, a
                  | ration; and the following spells available to memorise:
                  | Passwall, Sticks to Snakes
     0 | D:1      | Reached XP level 1. HP: 9/9 MP: 2/2
   138 | D:2      | Slain by a ball python

Vanquished Creatures
  2 giant cockroaches
  A bat (D:2)
  A goblin (D:1)
  A kobold (D:1)
5 creatures vanquished.
